Map: Abyssal Reef LE

Players

Maplez - Winner!

  • Race: Protoss Protoss
  • League: Grandmaster
  • Spawn Location: 5:00

Alice

  • Race: Terran Terran
  • League: Master
  • Spawn Location: 11:00

VOD

Have the link to the VOD?

Description

Time

  • Played on: Nov. 25, 2017, 2:54 p.m.
  • Length: 9:18
Show
View Real Time Build Order
Export as new Build Order

Maplez Protoss - Winner!

Build Orders: 1 Gate Expand, Blink Stalkers 

Get SALT Encoding   

  12  0:00  Probe  
  13  0:13  Probe  
  14  0:20  Pylon  
  14  0:25  Probe  
  15  0:40  Gateway, Probe (Chrono Boost)  
  16  0:47  Probe (Chrono Boost)  
  16  0:49  Assimilator  
  17  0:54  Probe  
  18  1:06  Probe  
  19  1:18  Probe  
  20  1:26  Nexus  
  20  1:30  Probe  
  21  1:37  Cybernetics Core  
  21  1:44  Assimilator  
  21  1:46  Probe  
  22  1:52  Pylon  
  22  1:58  Probe  
  23  2:10  Probe (Chrono Boost)  
  23  2:14  Stalker (Chrono Boost)  
  25  2:18  Warp Gate  
  25  2:22  Probe (Chrono Boost)  
  26  2:26  Probe (Chrono Boost)  
  27  2:31  Robotics Facility  
  27  2:42  Probe (Chrono Boost)  
  29  2:48  Stalker  
  31  2:52  Probe x2 (Chrono Boost)  
  31  2:54  Probe  
  33  3:00  Pylon  
  33  3:02  Probe  
  34  3:09  Probe (Chrono Boost)  
  34  3:10  Twilight Council  
  35  3:14  Probe (Chrono Boost)  
  35  3:19  Observer  
  38  3:25  Probe x2 (Chrono Boost)  
  39  3:28  Pylon  
  39  3:29  Probe  
  39  3:30  Probe  
  42  3:41  Probe  
  42  3:44  Observer  
  42  3:45  Gateway x2  
  43  3:51  Blink (Chrono Boost)  
  43  3:52  Shield Battery  
  43  3:54  Probe  
  44  3:56  Probe  
  45  4:04  Shield Battery  
  45  4:07  Observer  
  46  4:20  Nexus  
  46  4:23  Probe, Pylon  
  46  4:24  Assimilator  
  47  4:26  Probe, Assimilator  
  48  4:33  Stalker  
  48  4:35  Probe  
  48  4:38  Probe  
  52  4:44  Stalker x2  
  56  4:48  Probe  
  56  4:50  Probe  
  58  4:57  Stalker  
  60  5:00  Probe  
  60  5:02  Probe  
  62  5:12  Probe  
  62  5:13  Forge  
  62  5:14  Forge, Probe  
  63  5:17  Shield Battery  
  63  5:20  Shield Battery  
  64  5:25  Charge (Chrono Boost)  
  64  5:26  Probe (Chrono Boost)  
  66  5:30  Pylon  
  66  5:31  Probe (Chrono Boost)  
  66  5:33  Probe (Chrono Boost)  
  67  5:41  Pylon  
  70  5:44  Probe x3 (Chrono Boost)  
  70  5:47  Probe  
  70  5:48  Probe  
  72  5:51  Probe  
  73  5:58  Protoss Ground Weapons Level 1 (Chrono Boost)  
  73  5:59  Probe  
  73  6:00  Probe  
  73  6:02  Gateway  
  73  6:03  Gateway  
  75  6:04  Gateway  
  75  6:05  Gateway  
  75  6:06  Protoss Ground Armor Level 1 (Chrono Boost)  
  75  6:12  Probe  
  75  6:15  Photon Cannon  
  75  6:16  Probe  
  77  6:18  Photon Cannon  
  77  6:19  Stalker x2  
  77  6:23  Stalker  
  83  6:26  Probe  
  83  6:27  Probe  
  83  6:31  Probe  
  86  6:37  Assimilator x2  
  86  6:38  Probe  
  86  6:39  Templar Archives  
  91  6:40  Immortal (Chrono Boost)  
  91  6:42  Pylon  
  91  6:51  Observer, Pylon  
  91  6:55  Zealot x3  
  97  7:05  Psionic Storm  
  97  7:07  Pylon  
  97  7:09  Nexus, Immortal  
  101  7:17  Probe  
  101  7:19  Probe  
  103  7:27  High Templar x4  
  111  7:34  Observer, Zealot x2  
  111  7:35  Zealot  
  117  7:40  Probe x2  
  117  7:43  Probe  
  120  7:48  Warp Prism  
  120  7:50  Pylon  
  122  7:52  Probe  
  122  7:53  Probe  
  122  7:54  Pylon  
  122  7:55  Probe  
  125  8:01  Pylon  
  125  8:02  Pylon  
  125  8:03  Pylon x2  
  125  8:09  Gateway x2  
  125  8:11  Pylon  
  125  8:15  Observer  
  125  8:16  High Templar x3  
  125  8:17  High Templar  
  133  8:20  Shield Battery  
  133  8:21  Archon x2  
  133  8:23  Shield Battery  
  133  8:24  Immortal  
  133  8:25  Zealot  
  139  8:29  Sentry x2  
  143  8:49  Stalker  
  143  8:50  Stalker, Zealot  
  143  8:51  Zealot x2  
  143  8:52  Zealot x2  
  149  9:16  Archon  
Show
View Real Time Build Order
Export as new Build Order

Alice Terran 

Build Orders:  

Get SALT Encoding   

  12  0:01  SCV  
  13  0:13  SCV  
  14  0:17  Supply Depot  
  14  0:25  SCV  
  15  0:38  SCV  
  15  0:40  Barracks  
  16  0:48  Refinery  
  16  0:51  SCV  
  17  1:03  SCV  
  18  1:15  SCV  
  19  1:27  SCV  
  20  1:33  Reaper  
  21  1:41  Orbital Command  
  21  1:51  Command Center  
  21  2:06  Bunker  
  21  2:07  Barracks Reactor  
  20  2:15  SCV  
  21  2:21  Supply Depot  
  21  2:27  SCV, Refinery  
  22  2:34  Factory  
  22  2:43  SCV  
  23  2:45  Marine x2  
  25  2:56  SCV  
  26  3:04  Marine x2  
  28  3:08  SCV  
  29  3:18  Widow Mine  
  31  3:20  Starport, SCV  
  31  3:22  Marine x2  
  31  3:26  Orbital Command  
  34  3:32  SCV  
  35  3:40  Marine x2  
  36  3:44  SCV  
  36  3:46  Supply Depot  
  36  3:47  Widow Mine  
  39  3:52  SCV  
  40  3:56  SCV  
  40  3:57  Medivac  
  40  3:59  Marine x2  
  45  4:04  SCV  
  45  4:08  SCV  
  47  4:10  Supply Depot  
  47  4:14  Liberator  
  47  4:16  SCV, Widow Mine  
  50  4:21  SCV  
  51  4:24  Marine x2  
  53  4:34  Supply Depot  
  53  4:37  SCV x2  
  58  4:42  Marine x2  
  58  4:45  Widow Mine  
  62  4:56  SCV x2  
  62  4:57  Supply Depot  
  64  5:03  Marine x2  
  56  5:08  SCV x2  
  56  5:10  Command Center  
  56  5:14  Factory Tech Lab  
  58  5:17  Medivac  
  58  5:20  SCV  
  61  5:23  SCV  
  61  5:24  Refinery  
  61  5:25  Refinery  
  61  5:27  Supply Depot  
  61  5:28  Barracks  
  62  5:30  Barracks  
  62  5:32  Siege Tank, SCV  
  62  5:33  Marine  
  67  5:35  SCV  
  67  5:41  Supply Depot  
  68  5:44  SCV  
  69  5:57  SCV  
  69  5:58  SCV  
  69  5:59  Marine x2  
  69  6:01  Starport Reactor  
  73  6:04  Siege Tank  
  73  6:07  Engineering Bay  
  73  6:08  Engineering Bay  
  73  6:09  SCV  
  77  6:18  Barracks Tech Lab  
  77  6:19  Starport Reactor  
  77  6:21  Barracks Tech Lab  
  77  6:22  Marine x2, SCV x2  
  81  6:27  SCV  
  77  6:34  SCV x2  
  77  6:36  Terran Infantry Weapons Level 1, Terran Infantry Armor Level 1  
  77  6:39  Stimpack  
  82  6:40  Marauder  
  82  6:42  Marauder  
  83  6:47  Marine x2  
  83  6:49  SCV  
  83  6:53  SCV  
  87  6:56  Medivac x2  
  87  7:01  SCV  
  92  7:04  Barracks  
  92  7:05  SCV, Barracks  
  92  7:06  Orbital Command  
  93  7:09  Liberator  
  93  7:10  Marine, Marauder x2  
  93  7:13  SCV  
  99  7:17  SCV  
  99  7:19  Supply Depot  
  99  7:20  Supply Depot  
  100  7:25  SCV  
  100  7:26  Marine, Refinery x2  
  100  7:29  SCV  
  106  7:33  Marine  
  106  7:34  Marauder  
  106  7:35  Liberator  
  109  7:39  Factory Reactor  
  109  7:41  SCV x3  
  112  7:47  Marine, Marauder  
  112  7:51  Marine  
  115  7:52  Liberator, Supply Depot  
  115  7:53  SCV  
  115  7:54  Supply Depot  
  115  7:55  Barracks Tech Lab, Marauder  
  122  7:58  Supply Depot  
  122  7:59  Supply Depot  
  122  8:02  Supply Depot  
  122  8:03  Marauder  
  124  8:09  Marine x2, Marauder  
  125  8:17  Marauder  
  125  8:19  Armory, Marauder  
  129  8:26  Marine  
  129  8:27  Marine, Marauder, Supply Depot  
  132  8:28  Widow Mine  
  135  8:43  Command Center  
  138  8:49  Supply Depot  
  138  8:51  Marine  
  138  8:52  Marauder  
Tags
 
Add a new tag
Caveats
  • Supply blocks, unpowered buildings, or Contaminate may cause inaccurate times.
  • Supply counts are checked every 10 seconds.